 Dungeon Crawl Stone Soup version 0.21.1-1-g345015f (webtiles) character file.

2803 Krilegs the Cleaver (level 9, -6/78 HPs)
             Began as a Hill Orc Fighter on May 7, 2018.
             Was a Follower of Beogh.
             Mangled by Verendum's ghost (11 damage)
             ... on level 8 of the Dungeon.
             The game lasted 00:22:46 (6833 turns).

Krilegs the Cleaver (Hill Orc Fighter)              Turns: 6833, Time: 00:22:46

Health: -6/78      AC: 12    Str: 22    XL:     9   Next: 71%
Magic:  9/9        EV: 10    Int: 10    God:    Beogh [*.....]
Gold:   101        SH: 14    Dex: 10    Spells: 8/8 levels left

rFire    . . .     SeeInvis .   a - +0 war axe
rCold    + . .     Gourm    .   c - +0 shield
rNeg     . . .     Faith    .   t - +2 scale mail {rC+}
rPois    .         Spirit   .   (no helmet)
rElec    .         Reflect  +   r - scarf {repulsion}
rCorr    .         Harm     .   y - +1 pair of gloves
MR       .....                  (no boots)
Stlth    ..........             k - +3 amulet of reflection
HPRegen  0.23/turn              g - +2 ring of evasion
MPRegen  0.11/turn              (no ring)

@: flying, hasted, repel missiles, very quick
A: blurry vision 1, clever 1, wild magic 1
a: Renounce Religion


You were on level 8 of the Dungeon.
You worshipped Beogh.
Beogh was aware of your devotion.
You were not hungry.

You visited 1 branch of the dungeon, and saw 8 of its levels.

You collected 448 gold pieces.
You spent 347 gold pieces at shops.

Inventory:

Hand Weapons
 a - a +0 war axe (weapon)
 d - a +4 hand axe
Missiles
 p - 7 silver javelins (quivered)
Armour
 c - a +0 shield (worn)
 r - a scarf of repulsion (worn)
 t - a +2 scale mail of cold resistance (worn)
 y - a +1 pair of gloves (worn)
Jewellery
 g - a +2 ring of evasion (left hand)
 k - a +3 amulet of reflection (around neck)
 n - an uncursed amulet of harm
Wands
 i - a wand of disintegration (19)
 u - a wand of flame (26)
 v - a wand of random effects (17)
 x - a wand of digging (11)
Scrolls
 l - 4 scrolls of magic mapping
 m - 2 scrolls of teleportation
 o - 3 scrolls of remove curse
 s - a scroll of identify
Potions
 e - a potion of agility
 h - a potion of brilliance
Books
 w - a book of Geomancy

   Spells                             Type                      Level
   a - Sandblast                      Earth                        1
   b - Passwall                       Transmutation/Earth          2
   c - Stone Arrow                    Conjuration/Earth            3
   d - Petrify                        Transmutation/Earth          4
   e - Lee's Rapid Deconstruction     Earth                        5
Comestibles
 f - 11 rations


   Skills:
 + Level 6.7 Fighting
 + Level 11.3 Axes
 + Level 0.5 Throwing
 + Level 6.6 Armour
 + Level 0.5 Stealth
 + Level 8.0 Shields


You had 8 spell levels left.
You didn't know any spells.

Dungeon Overview and Level Annotations

Branches:
Dungeon (8/15)             Temple (0/1) D:6
   Lair: D:8-11

Altars:
Ashenzari
Cheibriados
Fedhas
Gozag
Kikubaaqudgha
Makhleb
Okawaru
Uskayaw
Zin
The Shining One

Shops:
D:2 *   D:6 [   D:7 [

Annotations:
D:8 Verendum's ghost, novice HOAK


Innate Abilities, Weirdness & Mutations

Scrolls take you a little longer to read.
Your mind is acute. (Int +2)
Your spells are a little harder to cast, but a little more powerful.


Message History

It was a potion of mutation.
You feel extremely strange.
Your vision blurs.
You feel less in control of your magic.
You feel clever. Verendum's ghost hits you!
* * * LOW HITPOINT WARNING * * *
It was a potion of flight.
You feel very buoyant.
You fly up into the air.
You block Verendum's ghost's attack.
It was a potion of haste.
You feel yourself speed up. Verendum's ghost hits you.
* * * LOW HITPOINT WARNING * * *
Okay, then.
Evoke which item? (* to show all) (? for menu, Esc to quit)
Aiming: Random Effects
Press: ? - help, Shift-Dir - straight line, f - Verendum's ghost
Aim: Verendum's ghost (heavily damaged)
The puff of flame hits Verendum's ghost.
Verendum's ghost appears unharmed.
Verendum's ghost is heavily damaged.
Verendum's ghost hits you!
You die...

# ###.# ##.#. ...
#.# #.# #@#..#
#W#..# #.#..#
#.#..W #.##.#
#.##.# #.##.####
#$......######.
######...........


You could see Verendum's ghost.

Vanquished Creatures
  The ghost of Phong the Insei, a novice OpTm of Makhleb (D:5)
  A water moccasin (D:5)
  An orc warrior (D:6)
  Duvessa (D:7)
  A sky beast (D:7)
  3 phantoms
  A centaur (D:6)
  3 ogres
  A big kobold (D:7)
  4 bullfrogs
  Dowan (D:7)
  4 scorpions
  4 wights (D:6)
  2 hounds
  A jelly (D:7)
  An orc priest (D:6)
  3 orc wizards
  A bullfrog skeleton (D:5)
  Ijyb (D:4)
  Terence (D:3)
  Natasha (twice) (D:3)
  An iguana (D:5)
  A worker ant (D:7)
  14 gnolls
  11 adders
  A shadow imp (D:5)
  An adder skeleton (D:8)
  An adder zombie (D:5)
  4 worms
  4 leopard geckos
  21 orcs
  A ball python (D:1)
  5 giant cockroaches
  4 goblins
  9 hobgoblins
  11 jackals
  8 kobolds
  3 quokkas
  9 bats
  2 frilled lizards (D:1)
  A quokka skeleton (D:7)
  4 rats
154 creatures vanquished.

Vanquished Creatures (others)
  An orc priest (D:5)
  A worker ant (D:5)
  An orc (D:5)
  A kobold (D:7)
4 creatures vanquished.

Grand Total: 158 creatures vanquished

Notes
Turn   | Place    | Note
-------+----------+-------------------------------------------
     0 | D:1      | Krilegs the Hill Orc Fighter began the quest for the Orb.
     0 | D:1      | Reached XP level 1. HP: 19/19 MP: 1/1
   355 | D:1      | Reached XP level 2. HP: 27/27 MP: 2/2
   609 | D:1      | Reached skill level 3 in Axes
   625 | D:1      | Reached XP level 3. HP: 33/33 MP: 3/3
  1294 | D:2      | Reached XP level 4. HP: 32/40 MP: 4/4
  1301 | D:2      | Reached skill level 4 in Axes
  1407 | D:2      | Found a glowing golden altar of the Shining One.
  1447 | D:2      | Found Zin's Purification Station.
  1450 | D:2      | Found a glowing silver altar of Zin.
  2011 | D:3      | Noticed Terence
  2015 | D:3      | Killed Terence
  2015 | D:3      | Reached skill level 5 in Axes
  2015 | D:3      | Reached XP level 5. HP: 43/46 MP: 5/5
  2044 | D:3      | Noticed Natasha
  2054 | D:3      | Killed Natasha
  2309 | D:3      | Reached XP level 6. HP: 43/53 MP: 6/6
  2420 | D:3      | Noticed Natasha
  2426 | D:3      | Killed Natasha
  2426 | D:3      | Reached skill level 6 in Axes
  2654 | D:4      | Found an iron altar of Okawaru.
  2654 | D:4      | Found a shattered altar of Ashenzari.
  2658 | D:4      | Found a snail-covered altar of Cheibriados.
  2844 | D:4      | Noticed Ijyb
  2850 | D:4      | Killed Ijyb
  3031 | D:4      | Found an ancient bone altar of Kikubaaqudgha.
  3208 | D:4      | Found a blossoming altar of Fedhas.
  3212 | D:4      | Found an opulent altar of Gozag.
  3230 | D:4      | Reached skill level 5 in Shields
  3230 | D:4      | Reached XP level 7. HP: 54/60 MP: 7/7
  3435 | D:5      | Entered Level 5 of the Dungeon
  3447 | D:5      | Noticed Phong's ghost (novice OpTm)
  3776 | D:5      | Reached skill level 7 in Axes
  3786 | D:5      | Killed Phong's ghost
  3786 | D:5      | Reached skill level 5 in Fighting
  4002 | D:5      | Reached skill level 8 in Axes
  4002 | D:5      | Reached XP level 8. HP: 64/68 MP: 8/8
  4017 | D:5      | Reached skill level 5 in Armour
  4108 | D:5      | Found a burning altar of Makhleb.
  4108 | D:5      | Noticed a green death
  4148 | D:5      | Became a worshipper of Beogh the Brigand
  4349 | D:5      | Reached skill level 9 in Axes
  5054 | D:6      | Found Nehyud's Armour Shoppe.
  5060 | D:6      | Reached skill level 10 in Axes
  5066 | D:6      | Reached XP level 9. HP: 41/75 MP: 9/9
  5215 | D:6      | Bought a +1 scale mail of cold resistance for 160 gold pieces
  5427 | D:6      | Found a hide-covered altar of Uskayaw.
  5448 | D:6      | Reached * piety under Beogh
  5737 | D:6      | Found a staircase to the Ecumenical Temple.
  6066 | D:7      | Found a shattered altar of Ashenzari.
  6329 | D:7      | Found Eklidghao's Antique Armour Shop.
  6343 | D:7      | Bought a pair of glowing gloves for 187 gold pieces
  6434 | D:7      | Noticed Duvessa
  6458 | D:7      | Noticed Dowan
  6462 | D:7      | Killed Duvessa
  6462 | D:7      | Reached skill level 11 in Axes
  6466 | D:7      | Killed Dowan
  6802 | D:8      | Noticed Verendum's ghost (novice HOAK)
  6830 | D:8      | Gained mutation: Scrolls take you a little longer to read. [potion of mutation]
  6830 | D:8      | Gained mutation: Your spells are a little harder to cast, but a little more powerful. [potion of mutation]
  6830 | D:8      | Gained mutation: Your mind is acute. (Int +2) [potion of mutation]
  6833 | D:8      | Mangled by Verendum's ghost

Skill      XL: |  1  2  3  4  5  6  7  8  9 |
---------------+----------------------------+-----
Axes           | 3 5 6 8 10 11 | 11.3
Fighting       | 4 5 6 |  6.7
Shields        | 4 5 6 8 |  8.0
Armour         | 4 5 6 |  6.6
Throwing       | |  0.5
Stealth        | |  0.5

Action                   |  1- 3 |  4- 6 |  7- 9 || total
-------------------------+-------+-------+-------++-------
Melee: War axe           |   108 |   189 |   364 ||   661
Throw: Javelin           |       |     6 |     6 ||    12
Invok: Convert to Beogh  |       |       |     1 ||     1
Evoke: Wand              |       |       |     1 ||     1
  Use: Scroll            |     3 |     4 |     5 ||    12
       Potion            |     2 |     3 |     8 ||    13
  Eat: Chunk             |     1 |     2 |     2 ||     5
       Ration            |       |     2 |     3 ||     5
Armor: Scale mail        |    55 |    63 |    97 ||   215
Dodge: Dodged            |    39 |    76 |   120 ||   235
       Deflected         |       |       |     1 ||     1
Block: Shield            |    63 |   117 |   248 ||   428
       Reflection        |       |       |     6 ||     6
